 Dungeon Crawl Stone Soup version 0.27-a0-1083-gcf8293e1eb (webtiles) character file.

Game seed: 13783297040046776151

299059 dln the Hoplite (level 20, -23/198 HPs)
             Began as a Minotaur Fighter on Apr 25, 2021.
             Was the Champion of Qazlal.
             Killed from afar by a Hell Sentinel (26 damage)
             ... with an iron shot
             ... on level 4 of the Abyss on Apr 26, 2021.
             The game lasted 03:47:16 (46882 turns).

dln the Hoplite (Minotaur Fighter)                 Turns: 46882, Time: 03:47:16

Health: -23/198    AC: 39    Str: 32    XL:     20   Next: 14%
Magic:  28/28      EV: 13    Int:  6    God:    Qazlal [******]
Gold:   2384       SH: 37    Dex: 13    Spells: 19/19 levels left

rFire    + . .     SeeInvis +   b - +9 broad axe (vorpal)
rCold    + . .     Faith    .   M - +4 tower shield
rNeg     . . .     Spirit   .   c - +4 gold dragon scales
rPois    +         Reflect  .   S - +2 hat {SInv}
rElec    .         Harm     .   V - +1 cloak
rCorr    .         Rampage  .   T - +1 pair of gloves
Will     ++...                  U - +2 pair of boots
Stlth    ..........             u - amulet of the acrobat
HPRegen  0.43/turn              h - +6 ring of strength
MPRegen  0.21/turn              g - +4 ring of evasion

@: about to teleport, protected from physical damage, hasted, glowing, repel
missiles, very quick
A: horns 2, retaliatory headbutt, hooves 1, strong-willed 1
}: 2/15 runes: decaying, serpentine
a: Renounce Religion, Upheaval, Elemental Force, Disaster Area


You were on level 4 of the Abyss.
You worshipped Qazlal.
Qazlal was exalted by your worship.
You visited 7 branches of the dungeon, and saw 34 of its levels.
You visited the Abyss 1 time.
You also visited: Sewer and Ice Cave.

You collected 5164 gold pieces.
You spent 2780 gold pieces at shops.

Inventory:

Hand Weapons
 a - the +9 trident "Japrigea" {vorpal, rElec rPois rC- Int+4}
   (You took it off a spriggan on level 5 of the Lair of Beasts)

   It inflicts extra damage upon your enemies.
   It affects your intelligence (+4).
   It makes you vulnerable to cold.
   It insulates you from electricity.
   It protects you from poison.
 b - a +9 vorpal broad axe (weapon)
 p - the +9 spear "Eprul" {flame, *Corrode rElec rN+ Will+}
   (You found it on level 3 of the Snake Pit)

   It has been specially enchanted to burn those struck by it, causing extra
   injury to most foes and up to half again as much damage against particularly
   susceptible opponents.
   It insulates you from electricity.
   It protects you from negative energy.
   It may corrode you when you take damage.
   It increases your willpower.
Missiles
 k - 9 curare-tipped darts
 o - 125 poisoned darts (quivered)
 s - 6 boomerangs of dispersal
 O - 8 throwing nets
Armour
 c - +4 gold dragon scales (worn)
 M - a +4 tower shield (worn)
 S - a +2 hat of see invisible (worn)
 T - a +1 pair of gloves (worn)
 U - a +2 pair of boots (worn)
 V - a +1 cloak (worn)
Jewellery
 f - a +6 ring of strength
 g - a +4 ring of evasion (right hand)
 h - a +6 ring of strength (left hand)
 i - a ring of positive energy
 u - an amulet of the acrobat (around neck)
 R - a ring of protection from cold
Wands
 t - a wand of mindburst (21)
 y - a wand of iceblast (40)
 z - a wand of acid (17)
 Z - a wand of paralysis (24)
Scrolls
 e - 9 scrolls of teleportation
 m - 2 scrolls of holy word
 v - 8 scrolls of identify
 A - 2 scrolls of enchant weapon
 B - 4 scrolls of fear
 F - 5 scrolls of magic mapping
 K - 5 scrolls of blinking
 N - 2 scrolls of silence
 Q - 4 scrolls of fog
Potions
 d - 8 potions of might
 l - 18 potions of curing
 n - 6 potions of lignification
 q - 4 potions of resistance
 x - a potion of berserk rage
 D - 7 potions of haste
 G - a potion of invisibility
 H - a potion of flight
 I - 2 potions of mutation
 J - a potion of cancellation
 X - 4 potions of ambrosia
Miscellaneous
 j - a phantom mirror
 Y - a tin of tremorstones (2/2)


   Skills:
 + Level 21.2 Fighting
 - Level 17.2(18.0) Axes
 - Level 9.2(14.2) Polearms
 + Level 16.5 Armour
 - Level 8.0 Dodging
 * Level 21.6 Shields
 - Level 12.0 Invocations


You had 19 spell levels left.
You didn't know any spells.
Your spell library contained the following spells:

 Spells                   Type           Power      Damage    Failure   Level
 Animate Skeleton         Necr           0%         N/A       100%        1
 Corona                   Hex            0%         N/A       100%        1
 Foxfire                  Conj/Fire      0%         2x1d4     100%        1
 Pain                     Necr           0%         1d4       100%        1
 Sandblast                Erth           0%         2d4       100%        1
 Shock                    Conj/Air       0%         1d3       100%        1
 Summon Small Mammal      Summ           0%         N/A       100%        1
 Call Imp                 Summ           0%         N/A       100%        2
 Corpse Rot               Necr/Air       N/A        N/A       100%        2
 Ensorcelled Hibernation  Hex/Ice        0%         N/A       100%        2
 Passwall                 Tmut/Erth      0%         N/A       100%        2
 Poisonous Vapours        Pois/Air       0%         N/A       100%        2
 Static Discharge         Conj/Air       0%         N/A       100%        2
 Sublimation of Blood     Necr           0%         N/A       100%        2
 Call Canine Familiar     Summ           0%         N/A       100%        3
 Confusing Touch          Hex            0%         N/A       100%        3
 Conjure Flame            Conj/Fire      0%         6-21      100%        3
 Dazzling Flash           Conj/Hex       0%         N/A       100%        3
 Gell's Gravitas          Tloc           0%         N/A       100%        3
 Inner Flame              Hex/Fire       0%         N/A       100%        3
 Mephitic Cloud           Conj/Pois/Air  0%         N/A       100%        3
 Portal Projectile        Hex/Tloc       0%         N/A       100%        3
 Stone Arrow              Conj/Erth      0%         3d7       100%        3
 Summon Guardian Golem    Hex/Summ       0%         N/A       100%        3
 Swiftness                Air            0%         N/A       100%        3
 Teleport Other           Tloc           0%         N/A       100%        3
 Tukima's Dance           Hex            0%         N/A       100%        3
 Vampiric Draining        Necr           0%         2d6       100%        3
 Airstrike                Air            0%         N/A       100%        4
 Animate Dead             Necr           0%         N/A       100%        4
 Dispel Undead            Necr           0%         3d6       100%        4
 Petrify                  Tmut/Erth      0%         N/A       100%        4
 Sticky Flame             Conj/Fire      0%         2d3       100%        4
 Summon Ice Beast         Ice/Summ       0%         N/A       100%        4
 Summon Lightning Spire   Summ/Air       0%         N/A       100%        4
 Agony                    Necr           0%         N/A       100%        5
 Borgnjor's Vile Clutch   Necr/Erth      0%         N/A       100%        5
 Excruciating Wounds      Necr           0%         N/A       100%        5
 Fireball                 Conj/Fire      0%         3d3       100%        5
 Irradiate                Conj/Tmut      0%         3d13      100%        5
 Lee's Rapid Deconstruct  Erth           0%         3d5*      100%        5
 Lightning Bolt           Conj/Air       0%         1d11      100%        5
 Blade Hands              Tmut           0%         N/A       100%        6
 Death Channel            Necr           0%         N/A       100%        6
 Dispersal                Tloc           0%         N/A       100%        6
 Freezing Cloud           Conj/Ice/Air   0%         6-21      100%        6
 Simulacrum               Ice/Necr       0%         N/A       100%        6
 Statue Form              Tmut/Erth      0%         N/A       100%        6
 Dragon Form              Tmut           0%         N/A       100%        7


Dungeon Overview and Level Annotations

Branches:
Dungeon (15/15)            Temple (1/1) D:5            Lair (6/6) D:11
  Swamp (4/4) Lair:4        Snake (4/4) Lair:3        Slime (0/5) Lair:6
    Orc (2/2) D:12            Elf (0/3) Orc:2        Vaults (2/5) D:14
 Depths (0/5) D:15          Sewer (visited)           IceCv (visited)
  Crypt: Vaults:2-3

Altars:
Ashenzari
Cheibriados
Dithmenos
Elyvilon
Fedhas
Gozag
Hepliaklqana
Kikubaaqudgha
Makhleb
Nemelex Xobeh
Okawaru
Qazlal
Ru
Sif Muna
Trog
Uskayaw
Vehumet
Wu Jian
Xom
Yredelemnul
Zin
The Shining One
Beogh
Jiyva

Shops:
D:3 !   D:5 *   D:7 (   D:8 *   Orc:1 (   Orc:2 *(([   Snake:2 [   Vaults:1 :
Vaults:2 [

Annotations:
D:10 2 transporters, brujo666's ghost, novice DjFE
Swamp:1 2 transporters, exclusion: orange crystal statue
Vaults:1 3 runed translucent doors, Bonn's ghost, veteran KoDe; Laydwo's ghost, adept OpFi; Lofupn's ghost, adept SpEn; Mafumol's ghost, adept GrEE; Nemuddah's ghost, adept GrEE
Abyss:4 1 transporter


Innate Abilities, Weirdness & Mutations

You have a pair of horns on your head.
You reflexively headbutt those who attack you in melee.
You have large cloven feet.
You are strong-willed. (Will+)


Message History

A green draconian stormcaller comes into view.
It is wielding a +2 long sword of holy wrath.
As you read the scroll of teleportation, it crumbles to dust.
You feel strangely unstable.
You feel the power of the Abyss delaying your translocation!
You block the Executioner's attack. x2
The Executioner hits you but does no damage.
You block the Executioner's attack. x3
The balrug gestures at you.
The sticky flame is repelled.
The sticky flame hits the Executioner.
The Executioner resists.
The Executioner is covered in liquid flames!
You block the lorocyproca's attack.
The shadow dragon is engulfed in blessed fire.
The Executioner closely misses you. You furiously retaliate!
You headbutt the Executioner!! You block the Executioner's attack.
The Executioner hits you but does no damage.
The Hell Sentinel hits you!
* * * LOW HITPOINT WARNING * * *
The Hell Sentinel hits you but does no damage.
The balrug completely misses you.
Invisibility will do you no good right now; use anyway?
Okay, then.
You feel yourself speed up.
You hear a shout!
The Executioner burns!
You block the Executioner's attack.
The Executioner hits you but does no damage.
You block the Executioner's attack.
The Executioner hits you but does no damage.
You block the Executioner's attack.
The Executioner hits you but does no damage.
You block the lorocyproca's attack. You block the shadow dragon's attack.
The shadow dragon claws you but does no damage.
The shadow dragon misses you.
The Executioner hits you but does no damage.
You block the Executioner's attack. The Executioner barely misses you.
The balrug hits you but does no damage. The Hell Sentinel gestures at you.
The iron shot hits you!!
You feel more protected from physical attacks.
You die...

#####
##..#.#
#......
#......
#. ?...
#.....q##
#G## +#
##D##..##
#1@2...#
+#21.###
#○.○'©#
#...###
.....
.##..# #
#+#


You could see a Hell Sentinel, a shadow dragon, an ophan, a green draconian
stormcaller, a lorocyproca (invisible), a balrug and an Executioner (fast,
burning).

Vanquished Creatures
  An ancient lich (Abyss:3)
  Vashnia (Snake:2)
  Nikola (Vaults:1)
  A tentacled starspawn (Abyss:3)
  A sphinx (Vaults:2)
  A thorn hunter (Swamp:4)
  Roxanne (Snake:2)
  Donald (Orc:2)
  3 nagarajas (Snake:4)
  The ghost of Burana the Spry, an adept OpFi of Elyvilon (Swamp:1)
  A frost giant (IceCv)
  An orc warlord (Orc:2)
  Aizul (Swamp:3)
  6 vault wardens
  11 very ugly things
  Louise (D:14)
  9 ironbound preservers
  A minotaur (Lair:2)
  4 dire elephants
  2 bunyips
  An eidolon (Abyss:3)
  The ghost of LordDeathwing the Spear-Bearer, a journeyman TeBe of Trog (Lair:5)
  2 eleionomae
  An ettin (Vaults:2)
  The ghost of celly00 the Covert, a journeyman OpSu of Ashenzari (Lair:2)
  Josephine (Orc:2)
  Harold (D:11)
  A great orb of eyes (Vaults:2)
  A shambling mangrove (Swamp:2)
  2 fire dragons
  An ice dragon (D:15)
  2 yaktaur captains (Vaults:2)
  27 hydras
  3 salamander tyrants
  6 vault guards
  5 boulder beetles
  An ironbound thunderhulk (Vaults:1)
  3 ogre magi
  A death knight (Abyss:3)
  2 ghost crabs
  10 anacondas
  11 naga warriors
  8 centaur warriors
  5 ironbound frosthearts
  5 death yaks
  6 two-headed ogres
  Erica (Orc:1)
  11 alligators
  2 thrashing horrors (Abyss:3)
  5 ironbound beastmasters
  26 naga sharpshooters
  6 shock serpents
  A soul eater (Abyss:3)
  A fire crab (Lair:6)
  2 wretched stars (Abyss:3)
  3 sea snakes (Snake:2)
  8 goliath frogs
  4 salamander mystics
  6 naga ritualists
  17 deep trolls
  3 bog bodies
  11 swamp dragons
  A glowing orange brain (Abyss:3)
  A spectral hydra (Swamp:1)
  4 ironbound convokers
  6 lindwurms (Vaults:2)
  4 spriggan druids
  2 phantasmal warriors
  3 wizards
  A fenstrider witch simulacrum (Swamp:1)
  3 large abominations (Abyss:3)
  11 mana vipers
  A necromancer (Vaults:2)
  3 deep elf pyromancers
  6 orc knights
  17 salamanders
  2 orc sorcerers (Orc:2)
  An oklob plant (Lair:5)
  2 will-o-the-wisps
  4 manticores
  A worldbinder (Abyss:3)
  5 cyclopes
  23 ugly things
  13 elephants
  4 vault sentinels
  A guardian serpent (Snake:4)
  3 molten gargoyles (Lair:6)
  32 black mambas
  An ice statue (IceCv)
  A torpor snail (Lair:2)
  22 cane toads
  3 gargoyles
  2 smoke demons (Abyss:3)
  A hellion (Abyss:3)
  20 naga magi
  A kobold demonologist (D:8)
  13 komodo dragons
  A komodo dragon (shapeshifter) (D:14)
  An ancient zyme (Abyss:3)
  2 hellwings (Abyss:3)
  4 yaktaurs
  An ice devil (Abyss:3)
  5 rime drakes
  A red devil (Abyss:3)
  A jumping spider (shapeshifter) (D:13)
  A queen bee (Lair:4)
  A merfolk (shapeshifter) (D:15)
  23 polar bears
  6 tyrant leeches
  3 meliai (Lair:4)
  15 trolls
  9 hornets
  8 blink frogs
  A blink frog (shapeshifter) (Abyss:3)
  11 slime creatures
  3 dream sheep (Lair:2)
  A ynoxinul (Abyss:3)
  A centaur simulacrum (D:15)
  3 shadows
  4 starcursed masses (Abyss:3)
  8 wraiths
  9 wyverns
  63 yaks
  9 spriggans
  A vampire (D:11)
  A water elemental (D:13)
  9 basilisks
  5 chaos spawn (Abyss:3)
  Eustachio (D:6)
  13 vampire mosquitoes
  4 steam dragons
  10 wargs
  34 nagas
  An acid dragon (D:12)
  20 swamp worms
  4 hell hounds (Lair:6)
  2 hydra simulacra (Swamp:1)
  19 water moccasins
  52 orc warriors
  10 swamp drakes
  11 ice beasts
  2 black bears
  A spriggan simulacrum (Swamp:1)
  6 necrophages
  27 wolves
  16 ogres
  5 boggarts (Vaults:2)
  9 centaurs
  19 kobold brigands
  A phantom (D:12)
  A wyvern zombie (D:9)
  A gnoll sergeant (D:7)
  6 bullfrogs
  4 scorpions
  3 small abominations (Abyss:3)
  A troll zombie (D:12)
  33 killer bees
  3 wights (D:12)
  4 electric eels
  7 howler monkeys
  5 lava snakes (Lair:6)
  A bullfrog zombie (D:4)
  2 quasits (Abyss:3)
  9 centaur zombies
  24 orc priests
  A jelly (D:6)
  Jessica (D:3)
  Ijyb (D:3)
  2 iguanas
  16 orc wizards
  2 killer bee zombies
  7 ogre zombies (D:12)
  A hound zombie (D:5)
  A hound skeleton (D:4)
  4 mummies (D:12)
  16 gnolls
  6 river rats (Sewer)
  10 adders
  A white imp (D:7)
  An ufetubus (D:5)
  An adder skeleton (D:4)
  3 worms (D:3)
  5 dart slugs
  104 orcs
  8 endoplasms
  A giant cockroach (D:2)
  4 goblins (D:1)
  8 hobgoblins
  4 jackals (D:1)
  25 kobolds
  5 quokkas
  6 ball pythons
  6 bats
  7 frilled lizards
  2 goblin zombies (D:12)
  A hobgoblin skeleton (D:12)
  5 hobgoblin zombies (D:12)
  4 orc skeletons (D:12)
  13 orc zombies (D:12)
  11 rats
  6 briar patches (Swamp:4)
  4 starspawn tentacles (Abyss:3)
1367 creatures vanquished.

Vanquished Creatures (collateral kills)
  A boggart (Lair:5)
1 creature vanquished.

Vanquished Creatures (others)
  A hydra (Swamp:3)
  A salamander (Snake:4)
  2 bloated husks
  A tyrant leech (Swamp:1)
  A yak (IceCv)
  An orc wizard (D:8)
  A bush (Lair:6)
  8 foxfires
  16 fungi
  26 plants
  A starspawn tentacle (Abyss:3)
59 creatures vanquished.

Grand Total: 1427 creatures vanquished

Notes
Turn   | Place    | Note
-------+----------+-------------------------------------------
     0 | D:1      | dln the Minotaur Fighter began the quest for the Orb.
     0 | D:1      | Reached XP level 1. HP: 19/19 MP: 0/0
   191 | D:1      | Reached XP level 2. HP: 23/27 MP: 1/1
   795 | D:1      | Found a faded altar of an unknown god.
   799 | D:1      | Reached XP level 3. HP: 21/33 MP: 2/2
  1422 | D:2      | Reached skill level 1 in Polearms
  2086 | D:2      | Reached XP level 4. HP: 40/40 MP: 3/3
  2183 | D:3      | Noticed a kobold brigand
  2197 | D:3      | Killed a kobold brigand
  2198 | D:3      | Reached XP level 5. HP: 19/46 MP: 4/4
  2500 | D:3      | Noticed a necrophage
  2521 | D:3      | Killed a necrophage
  2522 | D:3      | Reached skill level 5 in Shields
  2762 | D:3      | Reached XP level 6. HP: 52/52 MP: 5/5
  2772 | D:3      | Reached skill level 5 in Polearms
  2928 | D:3      | Noticed Ijyb
  2950 | D:3      | Killed Ijyb
  3352 | D:3      | Found Ystoojasm's Distillery.
  3529 | D:3      | Noticed Jessica
  3539 | D:3      | Killed Jessica
  4066 | D:4      | Identified the +5 war axe of Untruth {vorpal, Drain +Rage
                  | rN+ Str+4}
  4433 | D:4      | Reached skill level 5 in Fighting
  4433 | D:4      | Reached XP level 7. HP: 57/61 MP: 6/6
  4680 | D:5      | Entered Level 5 of the Dungeon
  4768 | D:5      | Found a staircase to the Ecumenical Temple.
  4794 | Temple   | Entered the Ecumenical Temple
  4797 | Temple   | Became a worshipper of Qazlal Stormbringer
  4967 | D:5      | Reached skill level 5 in Axes
  5365 | D:5      | Reached XP level 8. HP: 70/70 MP: 7/7
  5368 | D:5      | Found Iqewedis's Assorted Antiques.
  5539 | D:5      | Found a snail-covered altar of Cheibriados.
  6230 | D:6      | Found a glowing drain.
  6239 | Sewer    | Entered a sewer
  6432 | Sewer    | Reached * piety under Qazlal
  6696 | D:6      | Reached XP level 9. HP: 79/79 MP: 8/8
  6847 | D:6      | Reached skill level 1 in Dodging
  7146 | D:6      | Noticed Eustachio
  7154 | D:6      | Killed Eustachio
  7350 | D:7      | Reached skill level 10 in Axes
  7463 | D:7      | Reached ** piety under Qazlal
  7473 | D:7      | Found a shadowy altar of Dithmenos.
  7528 | D:7      | Found Giakk's Antique Weapon Shop.
  7558 | D:7      | Identified the +0 robe of the Dwarven Hall {Dex+5}
  7670 | D:7      | Found a sacrificial altar of Ru.
  7868 | D:8      | Reached skill level 1 in Invocations
  8124 | D:8      | Noticed a kobold demonologist
  8134 | D:8      | Killed a kobold demonologist
  8135 | D:8      | Reached skill level 5 in Armour
  8137 | D:8      | Reached XP level 10. HP: 78/88 MP: 10/10
  8340 | D:8      | Found Newkecwoong's General Store.
  9741 | D:9      | Reached *** piety under Qazlal
  9801 | D:9      | Noticed a two-headed ogre
  9813 | D:9      | Killed a two-headed ogre
 10133 | D:10     | Entered Level 10 of the Dungeon
 10209 | D:10     | Noticed a gargoyle
 10220 | D:10     | Killed a gargoyle
 10407 | D:10     | Reached skill level 5 in Invocations
 10512 | D:10     | Found a transporter.
 10521 | D:10     | Found a transporter.
 10521 | D:10     | Noticed brujo666's ghost (novice DjFE)
 10522 | D:10     | Noticed a manticore
 10636 | D:10     | Reached XP level 11. HP: 88/94 MP: 13/13
 10668 | D:10     | Found a white marble altar of Elyvilon.
 10673 | D:10     | Found an ancient bone altar of Kikubaaqudgha.
 10674 | D:10     | Found a glowing golden altar of the Shining One.
 10674 | D:10     | Found a shimmering altar of Xom.
 10674 | D:10     | Found a burning altar of Makhleb.
 10674 | D:10     | Found a glowing silver altar of Zin.
 10819 | D:10     | Noticed a two-headed ogre
 10833 | D:10     | Killed a two-headed ogre
 11040 | D:10     | Found a hazy altar of Hepliaklqana.
 11078 | D:11     | Found a frozen archway.
 11127 | D:11     | Reached **** piety under Qazlal
 11140 | D:11     | Noticed a purple ugly thing
 11145 | D:11     | Killed a purple ugly thing
 11220 | IceCv    | Entered an ice cave
 11652 | IceCv    | Reached skill level 15 in Axes
 11747 | IceCv    | Reached XP level 12. HP: 80/105 MP: 15/15
 11998 | IceCv    | Noticed a death yak
 12018 | IceCv    | Killed a death yak
 12025 | IceCv    | Reached skill level 10 in Fighting
 12025 | IceCv    | Reached skill level 10 in Shields
 12032 | IceCv    | Reached ***** piety under Qazlal
 12226 | IceCv    | Noticed a death yak
 12246 | IceCv    | Killed a death yak
 12574 | IceCv    | Noticed a frost giant
 12585 | IceCv    | Killed a frost giant
 13022 | D:11     | Identified a scroll of acquirement
 13022 | D:11     | Acquired a +1 hat of see invisible
 13108 | D:11     | Noticed Harold
 13129 | D:11     | Killed Harold
 13420 | D:11     | Found a staircase to the Lair.
 13797 | D:12     | Found a staircase to the Orcish Mines.
 14038 | D:12     | Reached XP level 13. HP: 114/114 MP: 16/16
 14818 | D:13     | Identified Afovis's Guide on Translocation and Ignition
 15563 | Lair:1   | Entered Level 1 of the Lair of Beasts
 15741 | Lair:1   | Reached skill level 15 in Shields
 16276 | Lair:1   | Reached ****** piety under Qazlal
 16291 | Lair:1   | Found the +8 whip "Snakebite" {curare, rPois}
 16983 | Lair:2   | Found a runed translucent gate.
 16994 | Lair:2   | Noticed a minotaur
 17068 | Lair:2   | Found a runed translucent gate.
 17069 | Lair:2   | Found a runed translucent gate.
 17071 | Lair:2   | Noticed celly00's ghost (journeyman OpSu)
 17627 | Lair:2   | Killed celly00's ghost
 17635 | Lair:2   | Killed a minotaur
 18129 | Lair:3   | Found a staircase to the Snake Pit.
 18492 | Lair:4   | Found a staircase to the Swamp.
 18607 | Lair:4   | Reached XP level 14. HP: 112/127 MP: 18/18
 18740 | Lair:4   | Identified the +1 robe "Cuud" {Int+4}
 19047 | Lair:4   | Reached skill level 10 in Armour
 19618 | Lair:4   | Identified the +2 great sword of the Lusting Lamprey
                  | {vorpal, rCorr Dex+2}
 20465 | Lair:4   | Upgraded the game from 0.27-a0-1078-g0d77da13b5 to
                  | 0.27-a0-1083-gcf8293e1eb
 21123 | Lair:5   | Found a runed translucent door.
 21126 | Lair:5   | Noticed LordDeathwing's ghost (journeyman TeBe)
 21127 | Lair:5   | Identified the +9 trident "Japrigea" {vorpal, rElec rPois
                  | rC- Int+4}
 21570 | Lair:5   | Found a bloodstained altar of Trog.
 21968 | Lair:5   | Killed LordDeathwing's ghost
 22241 | Lair:6   | Entered Level 6 of the Lair of Beasts
 22845 | Lair:6   | Reached XP level 15. HP: 128/139 MP: 21/21
 22924 | Lair:6   | Found a sparkling altar of Nemelex Xobeh.
 23545 | Lair:6   | Reached skill level 10 in Invocations
 23683 | Lair:6   | Found a large runed translucent door.
 23684 | Lair:6   | Found a large runed translucent door.
 24099 | Lair:6   | Found a staircase to the Slime Pits.
 24099 | Lair:6   | Found a viscous altar of Jiyva.
 24874 | Orc:1    | Entered Level 1 of the Orcish Mines
 25355 | D:14     | Noticed Louise
 25356 | D:14     | Reached skill level 15 in Fighting
 25397 | D:14     | Killed Louise
 25678 | D:14     | Found a gate to the Vaults.
 26258 | D:15     | Entered Level 15 of the Dungeon
 26642 | D:15     | Found a bloodstained altar of Trog.
 27167 | D:15     | Identified the +1 ring mail "Hyas" {Str+6}
 27360 | D:15     | Found a staircase to the Depths.
 28095 | Orc:2    | Entered Level 2 of the Orcish Mines
 28339 | Orc:2    | Noticed Josephine
 28349 | Orc:2    | Killed Josephine
 28382 | Orc:2    | Noticed an orc warlord
 28404 | Orc:2    | Killed an orc warlord
 28662 | Orc:1    | Noticed Erica
 28666 | Orc:1    | Killed Erica
 28667 | Orc:1    | Reached XP level 16. HP: 133/151 MP: 22/22
 29100 | Orc:2    | Noticed Donald
 29115 | Orc:2    | Killed Donald
 29453 | Orc:2    | Found a staircase to the Elven Halls.
 29567 | Orc:2    | Found Xumutruh's Weapon Shop.
 29709 | Orc:2    | Found Duoraffa's General Store.
 29714 | Orc:2    | Bought a scroll of enchant weapon for 105 gold pieces
 29840 | Orc:2    | Found Deecom's Antique Armour Emporium.
 29842 | Orc:2    | Found Jigegiox's Antique Weapon Shoppe.
 30362 | Orc:1    | Found Enirph's Antique Weapon Boutique.
 30616 | Swamp:1  | Entered Level 1 of the Swamp
 30620 | Swamp:1  | Noticed Burana's ghost (adept OpFi)
 30652 | Swamp:1  | Found a transporter.
 30816 | Swamp:1  | Found a transporter.
 30932 | Swamp:1  | Killed Burana's ghost
 30992 | Swamp:1  | Found a transporter.
 31003 | Swamp:1  | Found a transporter.
 31004 | Swamp:1  | Identified the +2 helmet of Valour {Fly}
 32236 | D:5      | Bought a scroll of enchant weapon for 195 gold pieces
 33129 | Swamp:3  | Noticed Aizul
 33440 | Swamp:3  | Reached skill level 5 in Dodging
 33443 | Swamp:3  | Killed Aizul
 34339 | Swamp:4  | Entered Level 4 of the Swamp
 35049 | Swamp:4  | Reached XP level 17. HP: 122/161 MP: 25/25
 35877 | Swamp:4  | Got a decaying rune of Zot
 36557 | Snake:1  | Entered Level 1 of the Snake Pit
 36574 | Snake:1  | Identified the +3 morningstar of Gozag's Displeasure
                  | {protect, rF+}
 38088 | Snake:2  | Noticed Vashnia
 38315 | Snake:2  | Killed Vashnia
 38737 | Snake:2  | Found Sunnuiwi's Armour Emporium.
 39300 | Snake:2  | Noticed Roxanne
 39316 | Snake:2  | Killed Roxanne
 39762 | Snake:3  | Reached XP level 18. HP: 174/174 MP: 26/26
 40009 | Snake:3  | Identified the +9 spear "Eprul" {flame, *Corrode rElec rN+
                  | Will+}
 40152 | Snake:3  | Identified the +1 robe of the Watchman {-Cast +Blink rPois
                  | Regen+}
 40425 | Snake:4  | Entered Level 4 of the Snake Pit
 42261 | Snake:4  | Got a serpentine rune of Zot
 42920 | Vaults:1 | Entered Level 1 of the Vaults
 43092 | Vaults:1 | Noticed Nikola
 43101 | Vaults:1 | Killed Nikola
 43275 | Vaults:1 | Reached skill level 15 in Armour
 43399 | Vaults:1 | Found a runed translucent gate.
 43399 | Vaults:1 | Found a runed translucent gate.
 43399 | Vaults:1 | Found a runed translucent gate.
 43399 | Vaults:1 | Noticed Laydwo's ghost (adept OpFi)
 43399 | Vaults:1 | Noticed Lofupn's ghost (adept SpEn)
 43400 | Vaults:1 | Noticed Mafumol's ghost (adept GrEE)
 43400 | Vaults:1 | Noticed Nemuddah's ghost (adept GrEE)
 43400 | Vaults:1 | Noticed Bonn's ghost (veteran KoDe)
 43468 | Vaults:1 | Reached XP level 19. HP: 184/184 MP: 27/27
 43809 | Vaults:1 | Found Misunn's Book Shop.
 46044 | Vaults:2 | Acquired 842 gold pieces
 46049 | Vaults:2 | Acquired 438 gold pieces
 46157 | Vaults:2 | Found Huoh's Antique Armour Shoppe.
 46165 | Vaults:2 | Bought gold dragon scales for 2480 gold pieces
 46415 | Vaults:2 | Cast into level 2 of the Abyss (a wizard)
 46427 | Abyss:2  | Found a corrupted altar of Lugonu.
 46551 | Abyss:3  | Gained mutation: You are strong-willed. (Will+) [potion of
                  | mutation]
 46551 | Abyss:3  | Gained mutation: You have large cloven feet. [potion of
                  | mutation]
 46733 | Abyss:3  | Reached XP level 20. HP: 68/198 MP: 28/28
 46735 | Abyss:3  | Noticed an ancient lich
 46749 | Abyss:3  | Found a corrupted altar of Lugonu.
 46856 | Abyss:3  | Noticed an ancient lich
 46861 | Abyss:3  | Killed an ancient lich
 46875 | Abyss:4  | Found a transporter.
 46881 | Abyss:4  | HP: 3/198 [Hell Sentinel (14)]
 46882 | Abyss:4  | Killed from afar by a Hell Sentinel

Illustrated notes

Levels and vault maps discovered:
D:1:      dpeg_arrival_line_fractal, layout_loops_corners,
          chequers_ecumenical_altar_simple, grunt_decor_junction,
          minmay_pentomino_r2
D:2:      layout_basic, minmay_misc_feat_rows
D:3:      layout_loops_ring, serial_shops, shop, minmay_increasing_density,
          uniq_jessica, uniq_ijyb
D:4:      layout_basic, grunt_ministairs_3, corner_web_ring,
          kennysheep_generic_room_5
D:5:      layout_basic, kennysheep_slug_shrine, temple_pool_b, serial_shops,
          nicolae_shop_behind_doors
D:6:      layout_basic, portal_sewer_entry_d, uniq_eustachio
D:7:      layout_loops_ring, nicolae_dithmenos_shadow_blocks,
          nicolae_ru_the_path_less_chosen, serial_shops, nicolae_shop_trees
D:8:      layout_layer_cave, special_room [special_room_kobold], serial_shops,
          nicolae_shop_trees, serial_rivers, chequers_serial_rivers_marsh,
          chequers_serial_rivers_micro_e, chequers_serial_rivers_small_b,
          chequers_serial_rivers_micro_d, chequers_serial_rivers_micro_c,
          grunt_decor_resistance, roderic_lattice_a
D:9:      layout_rooms, kennysheep_generic_room_13
D:10:     layout_loops_ring, marbit_many_paths, grunt_temple_overflow_open,
          gammafunk_ghost_arena
D:11:     layout_rooms, david_lair_shrubbed, portal_ice_cave_entry_ice_beasts,
          uniq_harold
D:12:     layout_roguey, zombieorc2_lemuel, serial_undead, serial_undead_f,
          serial_undead_d, serial_undead_a, serial_undead_e, serial_undead_c,
          serial_undead_a, serial_undead_c
D:13:     layout_irregular_city, nicolae_water_bricks
D:14:     layout_roguey [special_room_orc], david_vaults_1,
          minmay_misc_feat_room, uniq_louise
D:15:     grunt_enter_depths_hoard, layout_loops_corners,
          trog_three_pillars_becter, feat_on_display
Temple:   nicolae_temple_hex_pool
Lair:1:   minmay_guarded_unrand_snakebite, layout_hall_layers,
          chequers_serial_rivers_micro_c
Lair:2:   layout_cave_pods, maelrawn_ghost_gauntlet_escape, columned_hall_lemuel
Lair:3:   layout_gridlike, guppyfry_snake_entry_island, minivault_23,
          grunt_forest_stairs_basic, mumra_transporter_accident
Lair:4:   regret_index_wax_grids, layout_regular_city,
          skrybe_swamp_entry_bodies, beast_lair_carwin_3, grunt_megastairs_3
Lair:5:   layout_layer_cave, ebering_ghost_funeral_grove,
          chequers_serial_rivers_micro_e, lemuel_oklob_altar
Lair:6:   cheibrodos_lair_end_hotspot, layout_loops_ring, slime_altar_1,
          basic_altar, nicolae_quartered_pool_little
Swamp:1:  gammafunk_sealed_arena, layout_basic_swamp, gammafunk_ghost_mausoleum,
          serial_swamp_ruin, evilmike_swamp_ruin_house_6,
          evilmike_swamp_ruin_house_5, evilmike_swamp_ruin_house_1
Swamp:2:  layout_basic_swamp, evilmike_swamp_ruin_rubble_1
Swamp:3:  layout_basic_swamp, evilmike_swamp_ruin_house_3, uniq_aizul
Swamp:4:  swamp, layout_basic_swamp, swamp_pool4, nicolae_swamp_fairy_circle
Snake:1:  layout_chambers, serial_bayou_shore_b, grunt_megastairs_5
Snake:2:  layout_onion, serial_shops, shop, guppyfry_library_mini,
          serial_bayou_shore_a, uniq_vashnia, uniq_roxanne
Snake:3:  layout_misc_corridors, serial_bayou_shore_b
Snake:4:  snake_pit, layout_basic
Orc:1:    layout_caves, serial_shops, nicolae_shop_crystal, uniq_erica
Orc:2:    grunt_orc_community_town_hall, layout_caves,
          grunt_orc_community_big_house_2, grunt_orc_community_big_house_1,
          grunt_orc_community_house_3, grunt_orc_community_house_1,
          grunt_orc_community_house_2, grunt_orc_community_house_1,
          grunt_orc_community_house_3, grunt_orc_community_house_2,
          nicolae_orc_sculptors_studio, rock_pile, uniq_donald, uniq_josephine
Vaults:1: gammafunk_vaults_ghost_cemetery, hangedman_vaults_maws,
          vaults_dpeg_spiral, grunt_vaults_twisty,
          vaults_room_grunt_arrival_ludios, v_misc_26, vaults_room_pools,
          layout_vaults_omnigrid, serial_shops, nicolae_shop_trees, uniq_nikola
Vaults:2: nicolae_vaults_network_barrier, vaults_dpeg_cross, vaults_room_grid,
          nicolae_vaults_border_crossing, v_misc_29, nicolae_vaults_what_the_h,
          v_alt_pattern_5, vaults_mumra_chevron, vaults_room_corners, st_cells,
          grunt_vaults_hallway_short, layout_vaults_omnicross, serial_shops,
          shop
Abyss:4:  base: Lair:5, gammafunk_abyss_rune_reverse_zot,
          hangedman_steaming_rock

Skill      XL: |  1  2  3  4  5  6  7  8  9 10 11 12 13 14 15 16 17 18 19 |
---------------+----------------------------------------------------------+-----
Axes           | 3 4 6 8 11 13 15 17 | 17.2
Shields        | 4 5 6 7 8 9 14 15 17 18 19 21 | 21.6
Fighting       | 4 5 6 7 8 9 10 12 14 15 17 18 19 21 | 21.2
Armour         | 4 5 7 8 9 11 12 15 16 | 16.5
Polearms       | 2 3 4 5 7 9 |  9.2
Dodging        | 2 4 5 8 |  8.0
Invocations    | 2 5 6 7 9 10 12 | 12.0

Action                   |  1- 3 |  4- 6 |  7- 9 | 10-12 | 13-15 | 16-18 | 19-21 || total
-------------------------+-------+-------+-------+-------+-------+-------+-------++-------
Melee: War axe           |    60 |    17 |   174 |   533 |   519 |       |       ||  1303
       Headbutt          |    11 |    28 |    27 |   145 |   293 |   298 |   117 ||   919
       Spear             |    39 |   132 |       |       |       |       |       ||   171
       Trident           |       |       |       |       |   682 |   249 |       ||   931
       Broad axe         |       |       |       |       |    75 |   942 |   397 ||  1414
Throw: Stone             |     3 |       |       |     4 |       |       |       ||     7
       Dart              |       |       |       |     8 |     3 |       |       ||    11
Invok: Upheaval          |       |       |       |     1 |     1 |     1 |       ||     3
       Elemental Force   |       |       |       |       |     1 |       |       ||     1
       Disaster Area     |       |       |       |       |     1 |       |       ||     1
Evoke: Wand              |       |       |       |     8 |     5 |       |       ||    13
  Use: Scroll            |       |     6 |     8 |    13 |    11 |     7 |    11 ||    56
       Potion            |       |       |       |       |     2 |       |     3 ||     5
 Stab: Distracted        |       |       |       |       |     1 |       |       ||     1
       Confused          |       |       |       |       |       |     1 |       ||     1
Armor: Scale mail        |    37 |    11 |       |    33 |       |       |       ||    81
       Plate armour      |       |    26 |    49 |    88 |   218 |   331 |    34 ||   746
       Gold dragon scale |       |       |       |       |       |       |    40 ||    40
Dodge: Dodged            |    22 |    21 |    56 |   125 |   229 |   316 |    70 ||   839
       Repelled          |       |       |       |     2 |     5 |    24 |     3 ||    34
Block: Kite shield       |    36 |    49 |    85 |   362 |   771 |       |       ||  1303
       Tower shield      |       |       |       |       |   251 |  1738 |   518 ||  2507

Table legend: (Time is in decaauts)
 A = Elapsed time spent in this place.
 B = Non-inter-level travel time spent in this place.
 C = Inter-level travel time spent in this place.
 D = Time resting spent in this place.
 E = Time spent auto-exploring this place.
 F = Levels seen in this place.
 G = Mean time per level.
                   A        B        C        D        E       F      G
               +--------+--------+--------+--------+--------+-----+--------+
         Total |  46697 |  43143 |   3554 |  11185 |  20123 |  39 | 1197.4 |
       Dungeon |  16726 |  15103 |   1623 |   2781 |   8210 |  15 | 1115.1 |
        Temple |    103 |     84 |     19 |      0 |     75 |   1 |  103.0 |
          Lair |   9332 |   8509 |    823 |   1822 |   4254 |   6 | 1555.3 |
         Swamp |   5764 |   5386 |    378 |   2287 |   1896 |   4 | 1441.0 |
     Snake Pit |   6125 |   5804 |    321 |   1489 |   2936 |   4 | 1531.2 |
  Orcish Mines |   2580 |   2432 |    148 |    831 |    760 |   2 | 1290.0 |
        Vaults |   3423 |   3181 |    242 |    995 |   1450 |   2 | 1711.5 |
         Abyss |    445 |    445 |      0 |     79 |      0 |   3 |  148.3 |
         Sewer |    465 |    465 |      0 |      0 |    249 |   1 |  465.0 |
      Ice Cave |   1729 |   1729 |      0 |    900 |    290 |   1 | 1729.0 |
               +--------+--------+--------+--------+--------+-----+--------+

Top non-repeatable levels by time:
Vaults:1: 2514 daAuts
 Swamp:3: 2369 daAuts
  Lair:4: 2121 daAuts
  Lair:5: 2108 daAuts
  Lair:6: 1922 daAuts
   IceCv: 1729 daAuts
   Orc:2: 1710 daAuts
 Snake:1: 1685 daAuts
     D:3: 1650 daAuts
 Snake:4: 1622 daAuts
    D:15: 1541 daAuts
     D:8: 1514 daAuts
 Snake:3: 1440 daAuts
 Snake:2: 1377 daAuts
 Swamp:2: 1345 daAuts
